 Dungeon Crawl Stone Soup version 0.29-a0-613-gf2c431b9b9 (webtiles) character file.

Game seed: 1044059895235087386

310 Vylera the Vandal (level 6, -1/38 HPs)
             Began as an Octopode Wanderer on June 16, 2022.
             Was a Believer of Elyvilon.
             Slain by a gnoll
             ... wielding a +0 spear
              (7 damage)
             ... on level 3 of the Dungeon.
             The game lasted 00:05:38 (2511 turns).

Vylera the Vandal (Octopode Wanderer)               Turns: 2511, Time: 00:05:39

Health: -1/38      AC:  1    Str: 12    XL:     6   Next: 41%
Magic:  7/7        EV: 12    Int: 12    God:    Elyvilon [**....]
Gold:   128        SH:  0    Dex: 15    Spells: 6/7 levels left

rFire   . . .      SeeInvis .   b - +2 dagger (venom)
rCold   . . .      Faith    .   (no shield)
rNeg    . . .      Spirit   .   (helmet restricted)
rPois   .          Reflect  .   (no amulet)
rElec   .          Harm     .   (no ring)
rCorr   .          Rampage  .   (no ring)
Will    .....                   (no ring)
Stlth   ++........              (no ring)
HPRegen 0.12/turn               (no ring)
MPRegen 0.10/turn               (no ring)
                                (no ring)
                                (no ring)

@: no status effects
A: almost no armour, amphibious, 8 rings, camouflage 1, gelatinous body 1,
(nimble swimmer 1), tentacles
a: Renounce Religion, Purification, Heal Other


You were on level 3 of the Dungeon.
You worshipped Elyvilon.
Elyvilon was pleased with you.
You visited 1 branch of the dungeon, and saw 3 of its levels.

You collected 128 gold pieces.

Inventory:

Hand Weapons
 a - a +0 hunting sling
 b - a +2 dagger of venom (weapon)
 n - a +0 short sword
Missiles
 o - a throwing net
Jewellery
 e - a ring of protection from cold
Wands
 f - a wand of quicksilver (13) (quivered)
Scrolls
 c - 2 scrolls of fog
 d - a scroll of blinking
 k - a scroll of summoning {unknown}
 l - 2 scrolls of teleportation {unknown}
 q - a scroll of immolation {unknown}
 r - a scroll of acquirement {unknown}
Potions
 g - 2 potions of flight {unknown}
 h - a potion of magic {unknown}
 i - a potion of curing {unknown}
 j - a potion of ambrosia {unknown}
 m - 4 potions of heal wounds {unknown}
 p - a potion of lignification {unknown}


   Skills:
 - Level 1.0 Fighting
 - Level 6.1 Slings
 - Level 1.0 Spellcasting
 * Level 3.1 Earth Magic
 - Level 5.4 Evocations


You had 6 spell levels left.
You knew the following spells:

 Your Spells              Type           Power      Damage    Failure   Level
a - Sandblast             Erth           16%        2d6       9%          1

Your spell library contained the following spells:

 Spells                   Type           Power      Damage    Failure   Level
 Passwall                 Tmut/Erth      3%         N/A       24%         2
 Stone Arrow              Conj/Erth      8%         3d7       43%         3


Dungeon Overview and Level Annotations

Branches:
Dungeon (3/15)

Altars:
Elyvilon
Fedhas
Nemelex Xobeh
Wu Jian
Yredelemnul

Annotations:
D:3 2 transporters


Innate Abilities, Weirdness & Mutations

You cannot wear most types of armour.
You are amphibious.
You can wear up to eight rings at the same time.
Your skin changes colour to match your surroundings (Stealth+).
Your rubbery body absorbs attacks. (AC +1, EV +1)
((You are camouflaged when in or above water. (Stealth+)))
You have tentacles for arms and can constrict up to eight enemies at once.


Message History

The ball python is severely wounded.
The ball python bites you. The ball python grabs you.
The ball python constricts you.
You hit the ball python.
You kill the ball python!
You now have 124 gold pieces (gained 9).
A rat comes into view.
The rat bites you.
You closely miss the rat. You grab the rat. You squeeze the rat.
You kill the rat!
You now have 128 gold pieces (gained 4).
A gnoll comes into view. It is wielding a +0 club.
A gnoll comes into view. It is wielding a +0 spear.
The gnoll shouts!
You hear a shout!
A gnoll comes into view. It is wielding a +0 spear.
The gnoll hits you with a +0 club.
You hit the gnoll.
The gnoll is poisoned.
You grab the gnoll.
The gnoll is lightly wounded.
You constrict the gnoll. The gnoll misses you.
The gnoll hits you but does no damage.
You hit the gnoll.
The gnoll looks as sick as possible!
The gnoll is severely wounded.
You constrict the gnoll. The gnoll barely misses you.
The gnoll hits you with a +0 club.
You hit the gnoll.
You kill the gnoll!
The gnoll hits you from afar with a +0 spear.
The gnoll hits you from afar with a +0 spear.
You see here a +0 club.
You hit the gnoll but do no damage.
The gnoll is poisoned.
You grab the gnoll. You squeeze the gnoll!
The gnoll is severely wounded.
You constrict the gnoll. The gnoll hits you with a +0 spear.
The gnoll hits you from afar with a +0 spear!
* * * LOW HITPOINT WARNING * * *
You are too injured to fight recklessly!
You release your grip on the gnoll.
The gnoll hits you with a +0 spear. Elyvilon protects you from harm!
The gnoll attacks as you move away! The gnoll hits you with a +0 spear!
You die...

.#........l#.....#.....#
# ......c#.########### #
$$):..#.# #####
___$8##.# #....
######..## ### #.###
.©.....#.. ..# #.#
...##.##.# #.# #.#
#.###.##g#####.#######.#
......g)@..##.##......#
#######.##.......######
#.#####.#### #.......#
#########


You could see 2 gnolls.

Vanquished Creatures
  Sigmund (D:2)
  Jessica (D:2)
  Natasha (D:2)
  4 gnolls
  2 adders (D:2)
  A worm (D:2)
  A dart slug (D:1)
  3 orcs (D:3)
  4 endoplasms
  4 giant cockroaches
  4 goblins
  3 hobgoblins
  A quokka (D:1)
  4 ball pythons
  3 bats
  4 frilled lizards
  6 kobolds
  7 rats
54 creatures vanquished.

Vanquished Creatures (others)
  2 fungi (D:1)
  10 plants (D:1)
12 creatures vanquished.

Grand Total: 66 creatures vanquished

Notes
Turn   | Place    | Note
-------+----------+-------------------------------------------
     0 | D:1      | Vylera the Octopode Wanderer began the quest for the Orb.
     0 | D:1      | Vylera set off with the following items: a +0 hunting
                  | sling, a wand of quicksilver (15), a scroll of fog, a
                  | scroll of blinking.
     0 | D:1      | Reached XP level 1. HP: 13/13 MP: 2/2
   445 | D:1      | Reached XP level 2. HP: 18/18 MP: 3/3
   709 | D:1      | Reached skill level 4 in Slings
   821 | D:1      | Found a faded altar of an unknown god.
   825 | D:1      | Prayed at the altar of an unknown god.
   825 | D:1      | Became a worshipper of Elyvilon the Healer
   825 | D:1      | Reached * piety under Elyvilon
   916 | D:1      | Reached XP level 3. HP: 23/23 MP: 4/4
  1035 | D:2      | Noticed Sigmund
  1042 | D:2      | Killed Sigmund
  1043 | D:2      | Reached skill level 6 in Slings
  1043 | D:2      | Reached XP level 4. HP: 20/28 MP: 5/5
  1043 | D:2      | Reached XP level 5. HP: 24/33 MP: 6/6
  1130 | D:2      | Learned a level 1 spell: Sandblast
  1138 | D:2      | Found a sparkling altar of Nemelex Xobeh.
  1259 | D:2      | Noticed Jessica
  1263 | D:2      | Killed Jessica
  1264 | D:2      | Reached skill level 1 in Earth Magic
  1529 | D:2      | Reached ** piety under Elyvilon
  1606 | D:2      | Reached XP level 6. HP: 15/38 MP: 7/7
  1957 | D:2      | Noticed Natasha
  1965 | D:2      | Killed Natasha
  2377 | D:3      | Found a transporter.
  2383 | D:3      | Found a transporter.
  2390 | D:3      | Found an ornate altar of the Wu Jian Council.
  2390 | D:3      | Found a blossoming altar of Fedhas.
  2390 | D:3      | Found a basalt altar of Yredelemnul.
  2510 | D:3      | Elyvilon protects you from harm!
  2511 | D:3      | Slain by a gnoll

Illustrated notes

Levels and vault maps discovered:
D:1:      dpeg_arrival_line_fractal, layout_loops_ring,
          shapermc_ecumenical_altar_hornbeckon, minmay_misc_feat_pillars
D:2:      layout_loops_ring, basic_altar, uniq_jessica, uniq_natasha,
          uniq_sigmund
D:3:      layout_loops_cross, gammafunk_temple_overflow_arena,
          uniq_crazy_yiuf_cottage, uniq_ijyb

Skill      XL: |  1  2  3  4  5  6 |
---------------+-------------------+-----
Slings         | 4 6 |  6.1
Earth Magic    | 2 3 |  3.1
Fighting       | |  1.0
Spellcasting   | |  1.0
Evocations     | |  5.4

Action                   |  1- 3 |  4- 6 || total
-------------------------+-------+-------++-------
Melee: Short sword       |    46 |    19 ||    65
       Constrict         |    12 |    19 ||    31
       Tentacles         |     9 |    12 ||    21
       Punch             |     2 |     1 ||     3
       Dagger            |       |    41 ||    41
 Fire: Hunting sling     |     6 |     2 ||     8
 Cast: Sandblast         |       |     2 ||     2
Evoke: Wand              |     1 |     1 ||     2
 Stab: Sleeping          |     6 |     6 ||    12
Armor: Skin              |     8 |     2 ||    10
Dodge: Dodged            |    36 |    26 ||    62

Table legend: (Time is in decaauts)
 A = Elapsed time spent in this place.
 B = Non-inter-level travel time spent in this place.
 C = Inter-level travel time spent in this place.
 D = Time resting spent in this place.
 E = Time spent auto-exploring this place.
 F = Levels seen in this place.
 G = Mean time per level.
                   A        B        C        D        E       F      G
               +--------+--------+--------+--------+--------+-----+--------+
         Total |   2519 |   2456 |     63 |      0 |   2067 |   3 |  839.7 |
       Dungeon |   2519 |   2456 |     63 |      0 |   2067 |   3 |  839.7 |
               +--------+--------+--------+--------+--------+-----+--------+

Top non-repeatable levels by time:
     D:2: 1234 daAuts
     D:1: 1040 daAuts
     D:3: 243 daAuts
